 Dungeon Crawl Stone Soup version 0.21.1-1-g345015f (webtiles) character file.

62 teukkam the Skirmisher (level 4, -5/41 HPs)
             Began as a Gnoll Wanderer on Feb 15, 2018.
             Was an Initiate of Ru.
             Slain by a worker ant (6 damage)
             ... on level 4 of the Dungeon.
             The game lasted 00:08:52 (1700 turns).

teukkam the Skirmisher (Gnoll Wanderer)             Turns: 1700, Time: 00:08:53

Health: -5/41      AC:  3    Str: 16    XL:     4   Next: 8%
Magic:  5/5        EV: 11    Int: 14    God:    Ru [......]
Gold:   74         SH:  0    Dex: 14    Spells: 5/5 levels left

rFire    . . .     SeeInvis .   j - -2 mace
rCold    . . .     Gourm    .   (no shield)
rNeg     . . .     Faith    .   k - +0 leather armour
rPois    .         Spirit   .   (no helmet)
rElec    .         Reflect  .   (no cloak)
rCorr    .         Harm     .   (no gloves)
MR       .....                  (no boots)
Stlth    ++........             m - amulet of regeneration
HPRegen  0.53/turn              (no ring)
MPRegen  0.09/turn              (no ring)

@: lethally poisoned (-5 -> -5)
A: distributed training, fangs 1, strong nose
a: Renounce Religion


You were on level 4 of the Dungeon.
You worshipped Ru.
Ru was noncommittal.
You were not hungry.

You visited 2 branches of the dungeon, and saw 5 of its levels.

You collected 74 gold pieces.

Inventory:

Hand Weapons
 a - a +2 falchion
 e - a +0 dagger
 j - a -2 mace (weapon)
Missiles
 l - 4 tomahawks (quivered)
Armour
 k - a +0 leather armour (worn)
Jewellery
 m - an amulet of regeneration (around neck)
Wands
 b - a wand of disintegration (16)
Scrolls
 c - a scroll of teleportation
 r - 2 scrolls of amnesia
Potions
 h - a potion of haste {unknown}
 i - 2 potions of magic {unknown}
 o - a potion of might {unknown}
 p - 4 potions of agility {unknown}
 q - a potion of invisibility {unknown}
Comestibles
 f - 5 rations


   Skills:
 + Level 6.5 Fighting
 + Level 1.0 Short Blades
 + Level 4.6 Long Blades
 + Level 1.0 Axes
 + Level 1.0 Maces & Flails
 + Level 1.0 Polearms
 + Level 1.0 Staves
 + Level 1.0 Slings
 + Level 1.0 Bows
 + Level 1.0 Crossbows
 + Level 1.0 Throwing
 + Level 4.6 Armour
 + Level 1.0 Dodging
 + Level 4.2 Stealth
 + Level 2.7 Shields
 + Level 1.0 Unarmed Combat
 + Level 1.0 Spellcasting
 + Level 0.7 Conjurations
 + Level 0.7 Hexes
 + Level 0.7 Charms
 + Level 0.7 Summonings
 + Level 0.7 Necromancy
 + Level 0.7 Translocations
 + Level 0.7 Transmutations
 + Level 0.7 Fire Magic
 + Level 0.7 Ice Magic
 + Level 0.7 Air Magic
 + Level 0.7 Earth Magic
 + Level 0.7 Poison Magic
 + Level 1.1 Invocations
 + Level 1.0 Evocations


You had 5 spell levels left.
You didn't know any spells.

Dungeon Overview and Level Annotations

Branches:
Dungeon (4/15)             Temple (1/1) D:4

Altars:
Ashenzari
Cheibriados
Dithmenos
Elyvilon
Fedhas
Gozag
Hepliaklqana
Kikubaaqudgha
Makhleb
Nemelex Xobeh
Okawaru
Qazlal
Ru
Sif Muna
Trog
Uskayaw
Vehumet
Wu Jian
Xom
Yredelemnul
The Shining One

Annotations:
D:2 Robin
D:3 Autsider's ghost, amateur OpFi


Innate Abilities, Weirdness & Mutations

Your experience applies equally to all skills.
You have very sharp teeth.
Your uncanny sense of smell can sniff out nearby items.


Message History

The howler monkey skeleton barely misses you.
The worker ant closely misses you.
You barely miss the worker ant.
The worker ant is heavily wounded.
The worker ant bites you!
* * * LOW HITPOINT WARNING * * *
The howler monkey skeleton hits you but does no damage.
The howler monkey skeleton hits you.
* * * LOW HITPOINT WARNING * * *
The worker ant bites you.
* * * LOW HITPOINT WARNING * * *
You are poisoned.
The worker ant poisons you!
* * * LOW HITPOINT WARNING * * *
You feel sick.
* * * LOW HITPOINT WARNING * * *
You feel sick. The worker ant barely misses you.
* * * LOW HITPOINT WARNING * * *
You feel sick. The worker ant bites you.
You die...

##.#.##.......#
....##.......#
.#...##.......#
#.#.#.##.......#
#.#............#
#...§§..###.####
#....§..###.######
#.#.§§..##.......#
#.[..Za@........#
#.....####..#..#..#
####### #.........
#%#...#..
#...###..# #.... .#
#..... ... ##


You could see a worker ant and a howler monkey skeleton.

Vanquished Creatures
  2 adders
  A leopard gecko (D:2)
  3 orcs (D:3)
  2 bats
  A giant cockroach (D:2)
  5 goblins
  7 hobgoblins
  2 jackals (D:2)
  2 ball pythons
  3 frilled lizards (D:2)
  3 kobolds (D:1)
  5 rats
36 creatures vanquished.

Notes
Turn   | Place    | Note
-------+----------+-------------------------------------------
     0 | D:1      | teukkam the Gnoll Wanderer began the quest for the Orb.
     0 | D:1      | teukkam set off with: a +2 falchion, a potion of curing, a scroll of teleportation, a +0 robe, a +0 dagger, a ration
     0 | D:1      | Reached XP level 1. HP: 23/23 MP: 1/1
   178 | D:1      | Reached XP level 2. HP: 29/29 MP: 2/2
   538 | D:2      | Reached XP level 3. HP: 35/35 MP: 3/3
   593 | D:2      | Noticed Robin
  1055 | D:2      | Reached skill level 1 in Invocations
  1269 | D:3      | Reached skill level 1 in Short Blades
  1269 | D:3      | Reached skill level 1 in Axes
  1269 | D:3      | Reached skill level 1 in Maces & Flails
  1269 | D:3      | Reached skill level 1 in Polearms
  1269 | D:3      | Reached skill level 1 in Staves
  1269 | D:3      | Reached skill level 1 in Slings
  1269 | D:3      | Reached skill level 1 in Bows
  1269 | D:3      | Reached skill level 1 in Crossbows
  1269 | D:3      | Reached skill level 1 in Throwing
  1269 | D:3      | Reached skill level 1 in Dodging
  1269 | D:3      | Reached skill level 1 in Unarmed Combat
  1269 | D:3      | Reached skill level 1 in Spellcasting
  1269 | D:3      | Reached skill level 1 in Evocations
  1296 | D:3      | Noticed Autsider's ghost (amateur OpFi)
  1310 | D:4      | Reached XP level 4. HP: 29/41 MP: 5/5
  1370 | D:4      | Found a staircase to the Ecumenical Temple.
  1385 | Temple   | Entered the Ecumenical Temple
  1525 | Temple   | Became a worshipper of Ru the Awakened
  1696 | D:4      | HP: 2/41 [worker ant (3)]
  1700 | D:4      | Slain by a worker ant

Skill      XL: |  1  2  3 |
---------------+----------+-----
Invocations    | 1 |  1.1
Short Blades   | 1 |  1.0
Axes           | 1 |  1.0
Maces & Flails | 1 |  1.0
Polearms       | 1 |  1.0
Staves         | 1 |  1.0
Slings         | 1 |  1.0
Bows           | 1 |  1.0
Crossbows      | 1 |  1.0
Throwing       | 1 |  1.0
Dodging        | 1 |  1.0
Unarmed Combat | 1 |  1.0
Spellcasting   | 1 |  1.0
Evocations     | 1 |  1.0
Fighting       | |  6.5
Long Blades    | |  4.6
Armour         | |  4.6
Stealth        | |  4.2
Shields        | |  2.7
Conjurations   | |  0.7
Hexes          | |  0.7
Charms         | |  0.7
Summonings     | |  0.7
Necromancy     | |  0.7
Translocations | |  0.7
Transmutations | |  0.7
Fire Magic     | |  0.7
Ice Magic      | |  0.7
Air Magic      | |  0.7
Earth Magic    | |  0.7
Poison Magic   | |  0.7

Action                   |  1- 3 |  4- 6 || total
-------------------------+-------+-------++-------
Melee: Falchion          |    15 |       ||    15
       Bite              |     6 |       ||     6
       Mace              |    88 |     7 ||    95
Throw: Tomahawk          |     9 |       ||     9
  Use: Scroll            |     3 |       ||     3
       Potion            |     2 |       ||     2
 Stab: Sleeping          |     6 |       ||     6
  Eat: Ration            |     1 |       ||     1
Armor: Robe              |    17 |       ||    17
       Leather armour    |       |     1 ||     1
Dodge: Dodged            |   106 |    11 ||   117
       Rpst.: Falchion   |     5 |       ||     5
